 Dungeon Sprint DCSS version 0.29-a0-320-g9f8742066b (webtiles) character file.

Game seed: 10052093607692301258

69809 mhtbhm the Shatterer (level 14, 0/172 HPs)
             Began as a Troll Berserker on Apr 3, 2022.
             Was the Champion of Trog.
             Slain by Sojobo
             ... wielding a +2 great sword of electrocution
              (2 damage)
             ... in the Dungeon (Sprint IX: "|||||||||||||||||||||||||||||").
             The game lasted 00:17:31 (3698 turns).

mhtbhm the Shatterer (Troll Berserker)              Turns: 3698, Time: 00:17:32

Health: 0/172      AC: 14    Str: 38    XL:     14   Next: 91%
Magic:  13/13      EV: 15    Int:  3    God:    Trog [******]
Gold:   1149       SH:  0    Dex:  9    Spells: 13/13 levels left

rFire   + . .      SeeInvis +   e - +6 giant spiked club of Trog's Righteous Fury {vorpal, Contam rF+ Str+6 SInv}
rCold   . . .      Faith    .   (shield currently unavailable)
rNeg    . . .      Spirit   .   b - +0 swamp dragon scales
rPois   +          Reflect  .   (helmet restricted)
rElec   .          Harm     .   (no cloak)
rCorr   .          Rampage  .   (gloves unavailable)
Will    +++..      NoTele   +   (boots unavailable)
Stlth   +.........              (no amulet)
HPRegen 2.18/turn               l - +2 ring of evasion
MPRegen 0.13/turn               k - +2 ring of protection

@: strong-willed, on berserk cooldown, regenerating, slowed, very slow
A: large, unfitting armour, claws 3, regeneration 1, shaggy fur 1, tough skin 1
a: Renounce Religion, Berserk, Trog's Hand, Brothers in Arms


You were in the Dungeon.
You worshipped Trog.
Trog was exalted by your worship.
You visited 1 branch You collected 1920 gold pieces.
You spent 771 gold pieces at shops.

Inventory:

Hand Weapons
 a - the +4 giant spiked club of the Equinox {vorpal, rN+ Int-2 Dex+4}
   (Trog gifted it to you in the Dungeon)

   It inflicts extra damage upon your enemies.
   Int:       It affects your intelligence (-2).
   Dex:       It affects your dexterity (+4).
   rN:        It protects you from negative energy.
 e - the +6 giant spiked club of Trog's Righteous Fury (weapon) {vorpal, Contam rF+ Str+6 SInv}
   (Trog gifted it to you in the Dungeon)

   It inflicts extra damage upon your enemies.
   Str:       It affects your strength (+6).
   rF:        It protects you from fire.
   SInv:      It lets you see invisible.
   Contam:    It causes magical contamination when unequipped.
 h - a +3 vorpal morningstar
 j - a +2 dire flail of protection
 r - a +5 antimagic giant spiked club
 t - the +6 morningstar "Ivolo" {spect, rN++ MP-9 Dex+3}
   (You bought it in a shop in the Dungeon)

   When its wielder attacks, the weapon's spirit leaps out and strikes again.
   The spirit shares a part of any damage it takes with its wielder.
   Dex:       It affects your dexterity (+3).
   rN:        It greatly protects you from negative energy.
   MP:        It affects your magic capacity (-9).
 u - the +9 triple sword "Huujimom" {vorpal, Fly rPois rF+ Stlth-}
   (Trog gifted it to you in the Dungeon)

   It inflicts extra damage upon your enemies.
   rF:        It protects you from fire.
   rPois:     It protects you from poison.
   Fly:       It grants you flight.
   Stlth:     It makes you less stealthy.
Missiles
 C - 15 large rocks (quivered)
 D - 4 javelins
Armour
 b - +0 swamp dragon scales (worn)
 z - a +1 tower shield
Jewellery
 k - a +2 ring of protection (right claw)
 l - a +2 ring of evasion (left claw)
 v - a ring of fire
 w - a ring of protection from cold
 x - a ring of fire
 y - a ring of willpower
Wands
 s - a wand of mindburst (12)
Scrolls
 m - a scroll of fear
 n - 5 scrolls of enchant armour
 o - 2 scrolls of fog
 q - 2 scrolls of identify
 B - 4 scrolls of enchant weapon
Potions
 c - 5 potions of curing
 d - a potion of heal wounds
 f - 5 potions of magic
 g - 3 potions of berserk rage
 i - a potion of invisibility
 A - a potion of mutation


   Skills:
 + Level 19.5 Fighting
 + Level 24.9 Maces & Flails
 * Level 13.7 Throwing
 + Level 10.8 Armour
 + Level 14.0 Dodging
 - Level 1.7 Stealth
 + Level 2.9 Evocations


You had 13 spell levels left.
You didn't know any spells.
Your spell library was empty.

Dungeon Overview and Level Annotations

Branches:
Dungeon (1/1)

Altars:
Cheibriados
Dithmenos
Elyvilon
Fedhas
Gozag
Hepliaklqana
Kikubaaqudgha
Makhleb
Nemelex Xobeh
Okawaru
Qazlal
Ru
Sif Muna
Trog
Uskayaw
Vehumet
Wu Jian
Xom
Yredelemnul
Zin
The Shining One
Beogh
Jiyva
Lugonu

Shops:
D (*[(

Annotations:
D Sojobo


Innate Abilities, Weirdness & Mutations

You are too large for most types of armour.
You have claws for hands.
Your natural rate of healing is unusually fast.
You are covered in fur. (AC +1)
You have tough skin. (AC +1)


Message History

You beat the air elemental like a drum!!!
You destroy the air elemental!
The air elemental disappears in a puff of smoke!
Your stone giant is no longer paralysed.
The air elemental hits you but does no damage.
Sojobo waves her feathered arms in wide circles.
The air twists around and strikes you!
* * * LOW HITPOINT WARNING * * *
The air elemental hits you.
* * * LOW HITPOINT WARNING * * *
Unknown command.
Unknown command.
Unknown command.
Unknown command.
You bludgeon the air elemental!!
You destroy the air elemental!
The air elemental disappears in a puff of smoke!
Unknown command.
Unknown command.
You feel much better.
Sojobo gestures wildly while chanting.
Unknown command.
You swap places.
Your stone giant closely misses Sojobo. x2
Sojobo hits your stone giant with a +2 great sword of electrocution!
Sojobo pecks your stone giant! Sojobo claws your stone giant.
Your stone giant dies!
Your stone giant's corpse disappears in a puff of smoke!
Unknown command.
Unknown command.
Aiming: Mindburst
Press: ? - help, Shift-Dir - straight line, f/p - Sojobo
Aim: Sojobo, wielding a +2 great sword of electrocution and wearing a +2 ring mail of fire resistance (moderately wounded, repelling missiles, chance to affect: 0%)
Okay, then.
Sojobo casts a spell.
The tengu reaver hits you from afar with a +2 vorpal bardiche!!
* * * LOW HITPOINT WARNING * * *
x2 Sojobo hits you with a +2 great sword of electrocution!
* * * LOW HITPOINT WARNING * * *
Sojobo pecks you.
You die...

.▓)▓.▓[▓.▓)▓.▓)▓.▓
.▓)▓.▓[▓.▓÷▓.▓.▓.▓
.▓'▓.▓[▓.▓÷▓.▓.▓.▓
.▓)▓.▓[▓.▓÷▓.▓.▓.▓
.▓.▓.▓[▓.▓)▓.▓.▓.▓
.▓.▓.▓[▓.▓.▓.▓.▓.▓
.▓.▓.▓.▓)▓.▓.▓.▓.▓
.▓.▓.▓)▓.▓.▓.▓.▓E▓
.▓.▓.▓)▓.▓.▓.▓.▓@▓
.▓.▓.▓)▓.▓.▓.▓†▓Q▓
.▓)▓.▓)▓.▓.▓.▓)▓Q▓
.▓)▓.▓)▓.▓.▓.▓[▓E▓
.▓)▓.▓)▓.▓)▓.▓)▓E▓
.▓)▓.▓)▓.▓)▓.▓)▓.▓
.▓)▓.▓)▓.▓'▓.▓.▓)▓
.▓)▓.▓.▓.▓)▓.▓.▓.▓
.▓)▓.▓.▓.▓)▓.▓.▓.▓


You could see Sojobo (repels missiles), a tengu reaver and 3 air elementals.

Vanquished Creatures
  Nikola (D)
  A sphinx (D)
  Agnes (D)
  Kirke (D)
  A tengu reaver (D)
  A frost giant (D)
  An orc warlord (D)
  2 emperor scorpions (D)
  A stone giant (D)
  A spriggan defender (D)
  A quicksilver ooze (shapeshifter) (D)
  2 ironbound preservers (D)
  An ironbound thunderhulk (D)
  2 dire elephants (D)
  2 eleionomae (D)
  2 entropy weavers (D)
  Snorg (D)
  An ettin (D)
  A merfolk javelineer (D)
  2 fire dragons (D)
  A yaktaur captain (D)
  An ice dragon (D)
  A great orb of eyes (D)
  A merfolk impaler (D)
  3 naga warriors (D)
  2 boulder beetles (D)
  A rakshasa (D)
  Erolcha (D)
  2 hydras (D)
  2 merfolk avatars (D)
  3 centaur warriors (D)
  An alligator (D)
  A deep troll shaman (D)
  A spriggan berserker (D)
  A hell knight (D)
  A goliath frog (shapeshifter) (D)
  A sea snake (D)
  A steelbarb worm (D)
  A flayed ghost (D)
  A spriggan druid (D)
  A swamp dragon (D)
  3 ironbound convokers (D)
  A bog body (D)
  2 naga ritualists (D)
  2 orc knights (D)
  4 wizards (D)
  A lindwurm (D)
  A harpy (D)
  2 manticores (D)
  3 cyclopes (D)
  A wolf spider (D)
  An ugly thing (D)
  A will-o-the-wisp (D)
  7 orc sorcerers (D)
  6 elephants (D)
  2 vault sentinels (D)
  A moth of wrath (D)
  A guardian serpent (D)
  A naga mage (D)
  3 torpor snails (D)
  A gargoyle (D)
  A cane toad (D)
  2 rime drakes (D)
  An efreet (D)
  3 komodo dragons (D)
  A demonic crawler (D)
  A tengu conjurer (D)
  A troll (D)
  A bloated husk (D)
  A merfolk (D)
  2 slime creatures (D)
  A snapping turtle (D)
  A tarantella (D)
  A wyvern (D)
  A culicivora (D)
  2 hogs (D)
  3 yaks (D)
  A steam dragon (D)
  2 vampire mosquitoes (D)
  4 water moccasins (D)
  7 orc warriors (D)
  3 bullfrogs (D)
  A gnoll sergeant (D)
  2 scorpions (D)
  An orc priest (D)
  A gnoll shaman (D)
  9 orc wizards (D)
  An adder (D)
  6 orcs (D)
  2 bats (D)
  A kobold (D)
  2 rats (D)
164 creatures vanquished.

Vanquished Creatures (collateral kills)
  A very ugly thing (D)
  2 stone giants (D)
  A rakshasa (D)
  2 naga warriors (D)
  A tengu warrior (D)
  2 deep troll earth magi (D)
  A vampire mage (D)
  A deep troll shaman (D)
  A hell knight (D)
  An orc sorcerer (D)
  6 orc warriors (D)
  An orc (D)
20 creatures vanquished.

Vanquished Creatures (others)
  A hydra (D)
  A human (D)
  An orc wizard (D)
3 creatures vanquished.

Grand Total: 187 creatures vanquished

Notes
Turn   | Place    | Note
-------+----------+-------------------------------------------
     0 | D        | mhtbhm the Troll Berserker began the quest for the Orb.
     0 | D        | Reached XP level 1. HP: 22/22 MP: 0/0
     7 | D        | Reached skill level 3 in Maces & Flails
     9 | D        | Reached ** piety under Trog
    18 | D        | Noticed a gnoll shaman
    18 | D        | Noticed a scorpion
    18 | D        | Noticed a scorpion
    25 | D        | Reached *** piety under Trog
    26 | D        | Reached XP level 2. HP: 31/31 MP: 1/1
    29 | D        | Killed a scorpion
    30 | D        | Reached skill level 5 in Maces & Flails
    30 | D        | Reached XP level 3. HP: 32/40 MP: 2/2
    30 | D        | Reached XP level 4. HP: 39/49 MP: 3/3
    32 | D        | Killed a scorpion
    33 | D        | Reached skill level 5 in Fighting
    33 | D        | Reached skill level 6 in Maces & Flails
    33 | D        | Reached skill level 5 in Dodging
    37 | D        | Reached XP level 5. HP: 32/57 MP: 4/4
    71 | D        | Found a snail-covered altar of Cheibriados.
    71 | D        | Found a shadowy altar of Dithmenos.
    71 | D        | Found a white marble altar of Elyvilon.
    71 | D        | Found a blossoming altar of Fedhas.
    71 | D        | Found an opulent altar of Gozag.
    72 | D        | Found a hazy altar of Hepliaklqana.
    73 | D        | Found a viscous altar of Jiyva.
    74 | D        | Found an ancient bone altar of Kikubaaqudgha.
    75 | D        | Found a corrupted altar of Lugonu.
    76 | D        | Found a burning altar of Makhleb.
    77 | D        | Found a sparkling altar of Nemelex Xobeh.
    78 | D        | Found an iron altar of Okawaru.
    79 | D        | Found a stormy altar of Qazlal.
    80 | D        | Found a sacrificial altar of Ru.
    81 | D        | Found a shimmering blue altar of Sif Muna.
    82 | D        | Found a bloodstained altar of Trog.
    83 | D        | Found a hide-covered altar of Uskayaw.
    84 | D        | Found a radiant altar of Vehumet.
    85 | D        | Found an ornate altar of the Wu Jian Council.
    86 | D        | Found a shimmering altar of Xom.
    87 | D        | Found a basalt altar of Yredelemnul.
    88 | D        | Found a glowing silver altar of Zin.
    89 | D        | Found a glowing golden altar of the Shining One.
   223 | D        | Noticed a vampire mosquito
   223 | D        | Noticed an orc warrior
   223 | D        | Noticed a troll
   223 | D        | Noticed a gargoyle
   234 | D        | Killed a gargoyle
   235 | D        | Reached skill level 8 in Maces & Flails
   235 | D        | Reached XP level 6. HP: 20/71 MP: 5/5
   237 | D        | Killed a troll
   237 | D        | Reached **** piety under Trog
   238 | D        | Reached skill level 9 in Maces & Flails
   238 | D        | Reached XP level 7. HP: 12/79 MP: 6/6
   264 | D        | Reached skill level 10 in Maces & Flails
   275 | D        | Reached ***** piety under Trog
   287 | D        | Killed a vampire mosquito
   376 | D        | Noticed a boulder beetle
   376 | D        | Noticed a six-headed hydra
   376 | D        | Noticed a vampire mosquito
   376 | D        | Noticed a centaur warrior
   376 | D        | Noticed a komodo dragon
   376 | D        | Noticed a cyclops
   386 | D        | Killed a boulder beetle
   387 | D        | Reached skill level 12 in Maces & Flails
   387 | D        | Reached XP level 8. HP: 69/92 MP: 7/7
   391 | D        | Killed a cyclops
   392 | D        | Reached XP level 9. HP: 78/100 MP: 8/8
   398 | D        | Killed a komodo dragon
   399 | D        | Reached skill level 13 in Maces & Flails
   404 | D        | Killed a centaur warrior
   405 | D        | Reached skill level 10 in Fighting
   405 | D        | Reached skill level 14 in Maces & Flails
   475 | D        | Received a gift from Trog
   480 | D        | Killed a six-headed hydra
   481 | D        | Reached skill level 10 in Dodging
   481 | D        | Reached skill level 1 in Stealth
   605 | D        | Noticed a rime drake
   611 | D        | Killed a rime drake
   617 | D        | Reached skill level 15 in Maces & Flails
   617 | D        | Reached XP level 10. HP: 111/111 MP: 9/9
   622 | D        | Received a gift from Trog
   690 | D        | Noticed a torpor snail
   690 | D        | Noticed a cane toad
   698 | D        | Killed a cane toad
   700 | D        | Reached skill level 16 in Maces & Flails
   702 | D        | Killed a torpor snail
   702 | D        | Reached ****** piety under Trog
   702 | D        | Received a gift from Trog
   764 | D        | Noticed an elephant
   764 | D        | Noticed an elephant
   764 | D        | Noticed an elephant
   764 | D        | Noticed an elephant
   764 | D        | Noticed a dire elephant
   764 | D        | Noticed a dire elephant
   769 | D        | Noticed an elephant
   771 | D        | Killed a dire elephant
   772 | D        | Reached skill level 17 in Maces & Flails
   780 | D        | Killed a dire elephant
   781 | D        | Reached XP level 11. HP: 121/124 MP: 10/10
   787 | D        | Received a gift from Trog
   826 | D        | Reached skill level 18 in Maces & Flails
  1026 | D        | Received a gift from Trog
  1040 | D        | Received a gift from Trog
  1111 | D        | Noticed an orc knight
  1111 | D        | Noticed an orc knight
  1118 | D        | Killed an orc knight
  1121 | D        | Noticed an orc sorcerer
  1125 | D        | Killed an orc knight
  1125 | D        | Received a gift from Trog
  1134 | D        | Killed an orc sorcerer
  1134 | D        | Received a gift from Trog
  1135 | D        | Reached skill level 19 in Maces & Flails
  1205 | D        | Found Zawaus's Weapon Boutique.
  1205 | D        | Noticed an orc sorcerer
  1205 | D        | Noticed an orc sorcerer
  1205 | D        | Noticed an orc sorcerer
  1207 | D        | Killed an orc sorcerer
  1210 | D        | Received a gift from Trog
  1211 | D        | Found Egys's Armour Shop.
  1212 | D        | Killed an orc sorcerer
  1213 | D        | Noticed an orc sorcerer
  1214 | D        | Paralysed by an orc sorcerer for 6 turns
  1220 | D        | Noticed a sun demon
  1222 | D        | Killed an orc sorcerer
  1225 | D        | Found Metogh's General Store.
  1228 | D        | Killed an orc sorcerer
  1228 | D        | Identified the +9 triple sword "Huujimom" {vorpal, Fly
                  | rPois rF+ Stlth-} (Trog gifted it to you in the Dungeon)
  1228 | D        | Received a gift from Trog
  1232 | D        | Found Hudghilam's Weapon Shop.
  1236 | D        | Noticed an orc sorcerer
  1237 | D        | Noticed an orc sorcerer
  1238 | D        | Noticed an orc sorcerer
  1240 | D        | Killed an orc sorcerer
  1243 | D        | Killed an orc sorcerer
  1243 | D        | Identified the +4 giant spiked club of the Equinox {vorpal,
                  | rN+ Int-2 Dex+4} (Trog gifted it to you in the Dungeon)
  1243 | D        | Received a gift from Trog
  1258 | D        | Killed an orc sorcerer
  1447 | D        | Bought a scroll of enchant armour for 97 gold pieces
  1455 | D        | Bought a scroll of identify for 26 gold pieces
  1455 | D        | Bought 2 javelins for 20 gold pieces
  1461 | D        | Bought the +6 morningstar "Ivolo" {spect, rN++ MP-9 Dex+3}
                  | for 628 gold pieces
  1653 | D        | Noticed a rakshasa
  1653 | D        | Noticed a five-headed hydra
  1665 | D        | Reached skill level 20 in Maces & Flails
  1665 | D        | Reached XP level 12. HP: 140/140 MP: 11/11
  1669 | D        | Killed a five-headed hydra
  1670 | D        | Noticed a centaur warrior
  1671 | D        | Received a gift from Trog
  1672 | D        | Noticed a great orb of eyes
  1672 | D        | Noticed a spark wasp
  1672 | D        | a great orb of eyes changed into a spark wasp
  1675 | D        | Reached skill level 1 in Armour
  1675 | D        | Noticed a stone giant
  1676 | D        | Noticed a stone giant
  1677 | D        | Killed a rakshasa
  1678 | D        | Reached skill level 1 in Evocations
  1678 | D        | Noticed a tengu warrior
  1682 | D        | Noticed a four-headed hydra
  1682 | D        | a spark wasp changed into a four-headed hydra
  1686 | D        | Killed a centaur warrior
  1687 | D        | Reached skill level 15 in Fighting
  1687 | D        | Noticed a vampire mage
  1687 | D        | a four-headed hydra changed into a goliath frog
  1691 | D        | Received a gift from Trog
  1692 | D        | Noticed a rakshasa
  1692 | D        | Noticed a deep troll earth mage
  1702 | D        | Killed a stone giant
  1703 | D        | Reached skill level 21 in Maces & Flails
  1703 | D        | Killed a stone giant
  1705 | D        | Killed a tengu warrior
  1706 | D        | Killed a vampire mage
  1707 | D        | Killed a deep troll earth mage
  1707 | D        | Received a gift from Trog
  1710 | D        | Killed a rakshasa
  1878 | D        | Noticed Kirke
  1885 | D        | Killed Kirke
  1886 | D        | Reached skill level 1 in Throwing
  1910 | D        | Noticed Snorg
  1916 | D        | Killed Snorg
  1916 | D        | Received a gift from Trog
  1994 | D        | Noticed Agnes
  2001 | D        | Killed Agnes
  2064 | D        | Noticed a naga warrior
  2064 | D        | Noticed a naga warrior
  2064 | D        | Noticed a naga warrior
  2066 | D        | Noticed a naga warrior
  2070 | D        | Noticed a naga warrior
  2072 | D        | Reached skill level 5 in Armour
  2078 | D        | Reached skill level 22 in Maces & Flails
  2078 | D        | Reached XP level 13. HP: 152/152 MP: 4/12
  2098 | D        | Identified the +7 giant club of Doqikec {flame, Dex+3 SInv}
                  | (Trog gifted it to you in the Dungeon)
  2098 | D        | Received a gift from Trog
  2113 | D        | Reached skill level 5 in Throwing
  2251 | D        | Noticed a merfolk impaler
  2251 | D        | Noticed a merfolk javelineer
  2260 | D        | Received a gift from Trog
  2280 | D        | Killed a merfolk javelineer
  2295 | D        | Killed a merfolk impaler
  2295 | D        | Identified the +6 giant spiked club of Trog's Righteous
                  | Fury {vorpal, Contam rF+ Str+6 SInv} (Trog gifted it to you
                  | in the Dungeon)
  2295 | D        | Received a gift from Trog
  2497 | D        | Noticed an emperor scorpion
  2497 | D        | Noticed an entropy weaver
  2518 | D        | Killed an entropy weaver
  2518 | D        | Received a gift from Trog
  2665 | D        | Killed an emperor scorpion
  2807 | D        | Noticed an eleionoma
  2814 | D        | Received a gift from Trog
  2815 | D        | Reached skill level 23 in Maces & Flails
  2815 | D        | Killed an eleionoma
  2823 | D        | Noticed an eleionoma
  2825 | D        | Received a gift from Trog
  2827 | D        | Killed an eleionoma
  2940 | D        | Noticed Erolcha
  2948 | D        | Killed Erolcha
  3026 | D        | Noticed a frost giant
  3026 | D        | Noticed a spriggan defender
  3026 | D        | Noticed an ettin
  3030 | D        | Killed an ettin
  3030 | D        | Received a gift from Trog
  3031 | D        | Noticed a fire dragon
  3034 | D        | Reached XP level 14. HP: 114/166 MP: 0/13
  3041 | D        | Killed a spriggan defender
  3044 | D        | Killed a frost giant
  3047 | D        | Received a gift from Trog
  3048 | D        | Noticed a brown very ugly thing
  3055 | D        | HP: 7/253 [flayed ghost (24)]
  3062 | D        | Killed a brown very ugly thing
  3063 | D        | Reached skill level 10 in Throwing
  3063 | D        | Received a gift from Trog
  3132 | D        | Noticed a quicksilver ooze
  3138 | D        | Killed a quicksilver ooze
  3224 | D        | Noticed a stone giant
  3232 | D        | Killed a stone giant
  3233 | D        | Reached skill level 24 in Maces & Flails
  3234 | D        | Received a gift from Trog
  3261 | D        | Noticed an orc warlord
  3265 | D        | Reached skill level 10 in Armour
  3268 | D        | Noticed an ironbound preserver
  3274 | D        | Killed an orc warlord
  3276 | D        | Killed an ironbound preserver
  3276 | D        | Received a gift from Trog
  3343 | D        | Noticed a sphinx
  3344 | D        | Noticed an ironbound preserver
  3350 | D        | Identified the +6 giant spiked club "Vian" {flame, rPois
                  | Int-4 Dex+5 Stlth+} (Trog gifted it to you in the Dungeon)
  3350 | D        | Received a gift from Trog
  3359 | D        | Noticed an ironbound thunderhulk
  3361 | D        | Killed a sphinx
  3363 | D        | Killed an ironbound preserver
  3363 | D        | Received a gift from Trog
  3378 | D        | Killed an ironbound thunderhulk
  3565 | D        | Noticed Nikola
  3583 | D        | Killed Nikola
  3644 | D        | Noticed an emperor scorpion
  3649 | D        | Killed an emperor scorpion
  3649 | D        | Received a gift from Trog
  3663 | D        | Noticed a tengu reaver
  3666 | D        | Noticed Sojobo
  3667 | D        | Killed a tengu reaver
  3667 | D        | Noticed a tengu reaver
  3683 | D        | Paralysed by an air elemental for 1 turns
  3685 | D        | Paralysed by an air elemental for 1 turns
  3690 | D        | Paralysed by an air elemental for 1 turns
  3698 | D        | HP: 2/172 [Sojobo/+2 great sword of electrocution (14)]
  3698 | D        | Slain by Sojobo

Illustrated notes

Levels and vault maps discovered:
D:        linesprint [early_d, line_temple, items_1, d_10, items_2, lair_1,
          lair_end, items_3, orc_1, orc_end, items_4, d_15, swamp_1, shoals_1,
          snake_1, spider_1, d_20, vaults_1, items_5, swamp_end, shoals_end,
          snake_end, spider_end, vaults_end, d_27, items_6, zot_1, zot_end,
          crypt_end, forest_end, elf_end, slime_end, tomb_end, abyss_end,
          pan_hell_end]

Skill      XL: |  1  2  3  4  5  6  7  8  9 10 11 12 13 14 |
---------------+-------------------------------------------+-----
Maces & Flails | 3 5 6 8 9 12 15 17 20 22 23 24 | 24.9
Fighting       | 3 4 5 7 9 10 12 14 15 17 19 | 19.5
Dodging        | 3 4 5 7 9 10 11 12 13 14 | 14.0
Stealth        | 1 |  1.7
Armour         | 5 8 10 | 10.8
Evocations     | 2 |  2.9
Throwing       | 3 9 13 | 13.7

Action                   |  1- 3 |  4- 6 |  7- 9 | 10-12 | 13-15 || total
-------------------------+-------+-------+-------+-------+-------++-------
Melee: Mace              |    18 |     6 |       |       |       ||    24
       Dire flail        |       |    12 |    71 |    14 |       ||    97
       Great mace        |       |       |       |    56 |       ||    56
       Giant spiked club |       |       |       |    85 |   181 ||   266
       Giant club        |       |       |       |    33 |       ||    33
Throw: Large rock        |       |       |       |     8 |    26 ||    34
       Javelin           |       |       |       |     2 |    12 ||    14
Invok: Berserk           |     1 |     1 |     3 |     7 |     8 ||    20
       Brothers in Arms  |       |       |       |     2 |     3 ||     5
       Trog's Hand       |       |       |       |       |     1 ||     1
Evoke: Wand              |       |       |       |     5 |     5 ||    10
  Use: Potion            |       |       |     1 |     4 |     7 ||    12
       Scroll            |       |       |     1 |     1 |     1 ||     3
 Stab: Distracted        |       |       |       |       |     1 ||     1
Armor: Animal skin       |     3 |     3 |    17 |    17 |       ||    40
       Swamp dragon scal |       |       |       |     8 |    43 ||    51
Dodge: Dodged            |    10 |     4 |    38 |    92 |    89 ||   233

Table legend: (Time is in decaauts)
 A = Elapsed time spent in this place.
 B = Non-inter-level travel time spent in this place.
 C = Inter-level travel time spent in this place.
 D = Time resting spent in this place.
 E = Time spent auto-exploring this place.
 F = Levels seen in this place.
 G = Mean time per level.
                   A        B        C        D        E       F      G
               +--------+--------+--------+--------+--------+-----+--------+
         Total |   3719 |   3719 |      0 |   1707 |    579 |   1 | 3719.0 |
       Dungeon |   3719 |   3719 |      0 |   1707 |    579 |   1 | 3719.0 |
               +--------+--------+--------+--------+--------+-----+--------+

Top non-repeatable levels by time:
       D: 3719 daAuts
